 Dungeon Sprint DCSS version 0.29-a0-8-g0446c0dae4 (webtiles) character file.

Game seed: 1428742993820322572

1000000 cyrus the Ninja (level 13, -10/102 HPs)
             Began as a Naga Enchanter on Jan 27, 2022.
             Mangled by a meat berserker (76 damage)
             ... in the Dungeon (Sprint VIII: "Arena of Blood").
             The game lasted 00:00:57 (10 turns).

cyrus the Ninja (Naga Enchanter)                      Turns: 10, Time: 00:00:58

Health: -10/102    AC:  5    Str: 15    XL:     13   Next: 75%
Magic:  4/31       EV: 13    Int: 17    God:
Gold:   0          SH:  0    Dex: 11    Spells: 40/40 levels left

rFire   . . .      SeeInvis +   j - +∞ Axe of Woe
rCold   . . .      Faith    .   (shield currently unavailable)
rNeg    . . .      Spirit   .   b - +0 robe
rPois   +          Reflect  .   (no helmet)
rElec   .          Harm     .   (no cloak)
rCorr   .          Rampage  .   (no gloves)
Will    +....      NoTele   +   (no barding)
Stlth   +++++++++.              (no amulet)
HPRegen 0.27/turn               (no ring)
MPRegen 0.22/turn               (no ring)

@: very slow
A: AC +4, large, see invisible, deformed body, poison resistance, slowness 2,
spit poison 1, naga tail 2
a: Spit Poison


You were in the Dungeon.
You visited 1 branch

Inventory:

Hand Weapons
 a - a +1 dagger
 j - the +∞ Axe of Woe (weapon)
   (You found it in the Dungeon)
Armour
 b - a +0 robe (worn)
Scrolls
 i - a scroll of blinking
Potions
 c - a potion of invisibility
 d - a potion of curing
 e - a potion of heal wounds
 f - a potion of haste
 g - 2 potions of magic
 h - a potion of berserk rage


   Skills:
 + Level 2.7 Fighting
 + Level 1.0 Short Blades
 + Level 9.4 Axes
 + Level 10.1 Dodging
 O Level 27 Stealth
 + Level 14.0 Spellcasting
 + Level 23.6 Hexes


You had 40 spell levels left.
You didn't know any spells.
Your spell library contained the following spells:

 Spells                   Type           Power      Damage    Failure   Level
 Confusing Touch          Hex            75%        N/A       0%          3
 Tukima's Dance           Hex            75%        N/A       0%          3
 Ensorcelled Hibernation  Hex/Ice        100%       N/A       1%          2
 Dazzling Flash           Conj/Hex       100%       N/A       1%          3


Dungeon Overview and Level Annotations

Branches:
Dungeon (1/1)

Altars:
Makhleb


Innate Abilities, Weirdness & Mutations

Your serpentine skin is tough. (AC +4)
You have supernaturally acute eyesight. (SInv)
Armour fits poorly on your strangely shaped body.
Your system is resistant to poisons. (rPois)
You cover ground very slowly.
You can spit poison.
You can use your snake-like lower body to constrict enemies.


Message History

Your skin feels tougher.
You have reached level 7!
You have reached level 8!
You feel stronger.
You have reached level 9!
Your experience leads to an increase in your attributes!
Increase (S)trength, (I)ntelligence, or (D)exterity?
You feel stronger. x2; Your skin feels tougher.
You have reached level 10!
You have reached level 11!
You hear a shout! x14
You hear a shout! x15
You hit the meat berserker.
You butcher the meat berserker messily.
You kill the meat berserker!
You slash the meat berserker!
You cleave the meat berserker in twain.
You kill the meat berserker!
The bag of meat appears out of thin air!
A bag of meat comes into view. It is wielding a +9 war axe.
You hear a shout! x12
A meat berserker comes into view. It is wielding a +9 battleaxe.
You hear a shout! x4
Your Fighting skill gained 2 levels and is now at level 2!
Your Axes skill gained 6 levels and is now at level 9!
Your Dodging skill gained 4 levels and is now at level 10!
You have mastered Stealth!
Your Spellcasting skill gained 4 levels and is now at level 14!
Your Hexes skill gained 6 levels and is now at level 23!
You have reached level 12!
You feel clever.
Your skin feels tougher.
You have reached level 13!
Your tail grows strong enough to constrict your enemies.
Unknown command.
Unknown command.
A meat berserker comes into view. It is wielding a +9 battleaxe.
You hear a shout! x8
The bag of meat hits you with a +9 war axe!!!
You hear a shout! x3
The meat berserker hits you with a +9 battleaxe!!!!
Ouch! That really hurt!
You die...

.. .... .. ...
#.. ..# #.. ..# .
.###.. ..###..
......###.......
......O_....O..o
#..@..# #_.oO_#
#..)..#
........_..o.....
.......###....o..
.o###.. ..###.. .
#.. ..# . #.. ..#
..O ...


You could see 3 meat berserkers and 2 bags of meat.

Vanquished Creatures
  2 ogres (D)
  An orc (D)
3 creatures vanquished.

Notes
Turn   | Place    | Note
-------+----------+-------------------------------------------
     0 | D        | Found the +∞ Axe of Woe
     0 | D        | cyrus the Naga Enchanter began the quest for the Orb.
     0 | D        | Reached XP level 1. HP: 15/15 MP: 3/3
     2 | D        | Noticed a bag of meat
     2 | D        | Noticed a bag of meat
     3 | D        | Noticed a bag of meat
     3 | D        | Noticed a bag of meat
     3 | D        | Noticed a bag of meat
     3 | D        | Noticed a meat berserker
     5 | D        | Noticed a meat berserker
     5 | D        | Noticed a bag of meat
     6 | D        | Killed a bag of meat
     6 | D        | Noticed a meat berserker
     6 | D        | Noticed a meat berserker
     7 | D        | Reached skill level 22 in Stealth
     7 | D        | Reached skill level 10 in Spellcasting
     7 | D        | Reached XP level 2. HP: 22/22 MP: 3/13
     7 | D        | Reached XP level 3. HP: 28/28 MP: 3/14
     7 | D        | Reached XP level 4. HP: 36/36 MP: 3/16
     7 | D        | Reached XP level 5. HP: 42/42 MP: 3/17
     7 | D        | Reached XP level 6. HP: 49/49 MP: 3/19
     7 | D        | Reached XP level 7. HP: 55/55 MP: 3/20
     7 | D        | Reached XP level 8. HP: 62/62 MP: 3/22
     7 | D        | Reached XP level 9. HP: 68/68 MP: 3/23
     7 | D        | Reached XP level 10. HP: 75/75 MP: 3/24
     7 | D        | Reached XP level 11. HP: 81/81 MP: 3/25
     9 | D        | Killed a meat berserker
     9 | D        | Killed a meat berserker
     9 | D        | Noticed a meat berserker
    10 | D        | Reached skill level 10 in Dodging
    10 | D        | Reached skill level 27 in Stealth
    10 | D        | Reached XP level 12. HP: 96/96 MP: 3/30
    10 | D        | Gained mutation: You can use your snake-like lower body to
                  | constrict enemies. [Naga growth]
    10 | D        | Reached XP level 13. HP: 102/102 MP: 3/31
    10 | D        | Noticed a bag of meat
    10 | D        | Noticed a meat berserker
    10 | D        | Mangled by a meat berserker

Illustrated notes

Levels and vault maps discovered:
D:        meatsprint

Skill      XL: |  1  2  3  4  5  6  7  8  9 10 11 |
---------------+----------------------------------+-----
Axes           | 3 9 |  9.4
Dodging        | 6 10 | 10.1
Stealth        | 22 27 | 27.0
Spellcasting   | 10 14 | 14.0
Hexes          | 17 23 | 23.6
Fighting       | 2 |  2.7
Short Blades   | |  1.0

Action                   |  1- 3 |  4- 6 |  7- 9 | 10-12 | 13-15 || total
-------------------------+-------+-------+-------+-------+-------++-------
Melee: Executioner's axe |     1 |       |       |     1 |       ||     2

Table legend: (Time is in decaauts)
 A = Elapsed time spent in this place.
 B = Non-inter-level travel time spent in this place.
 C = Inter-level travel time spent in this place.
 D = Time resting spent in this place.
 E = Time spent auto-exploring this place.
 F = Levels seen in this place.
 G = Mean time per level.
                   A        B        C        D        E       F      G
               +--------+--------+--------+--------+--------+-----+--------+
         Total |     13 |     13 |      0 |      0 |      0 |   1 |   13.0 |
       Dungeon |     13 |     13 |      0 |      0 |      0 |   1 |   13.0 |
               +--------+--------+--------+--------+--------+-----+--------+

Top non-repeatable levels by time:
       D: 13 daAuts
